[ AOE2 MATCH · #495974848 ]
UnrankedBurmese vs Incas
Player's team · LOSS
Rival team · WIN
[ REPLAY ANALYSIS · EXTRACTED FROM THE RECORDED GAME ]
Feudal
9:02
Castle
23:28
Imperial
40:32
| APM avg | 49.9 |
| APM peak | 82 |
| eAPM avg | 23.7 |
| Villagers / military | 105 / 186 |
Focus
⚔️ 41.3% · 🌾 58.7%
Skirmisher ×95 · Militia ×76 · Battering Ram ×8 · Spearman ×4 · Trebuchet (Packed) ×2 · Archer ×1
Feudal
9:33
Castle
21:02
Imperial
41:23
| APM avg | 46.4 |
| APM peak | 91 |
| eAPM avg | 25.8 |
| Villagers / military | 169 / 136 |
Focus
⚔️ 45.9% · 🌾 54.1%
Archer ×87 · Skirmisher ×17 · Kamayuk ×16 · Mangonel ×8 · Trebuchet (Packed) ×3 · Petard ×2
Match map
Initial resources + every placement click. Lines = walls · curves = elevation contours. ◆ gold · ⬟ stone · ● berries · ✦ relic · ◌ wall gap
Your base· Open — unwalled flank
Pope Leo I.'s base· Open — 11t gap
Smoothed initial terrain · ◌ = detected wall gap · hover for details
Inputs per minute
— SaintJustice - - Pope Leo I.
Build order — SaintJustice
First 150 of 417 actions detected
| 0:03 | Build | Town Center |
| 1:08 | Queue | Villager (Male) ×4 |
| 1:09 | Queue | Villager (Male) ×4 |
| 1:54 | Build | Lumber Camp |
| 1:54 | Queue | Villager (Male) |
| 1:55 | Queue | Villager (Male) |
| 2:06 | Build | House |
| 2:07 | Build | House |
| 2:30 | Queue | Villager (Male) |
| 2:48 | Queue | Villager (Male) |
| 2:49 | Queue | Villager (Male) |
| 3:21 | Queue | Villager (Male) |
| 3:21 | Queue | Villager (Male) |
| 3:59 | Queue | Villager (Male) |
| 4:00 | Queue | Villager (Male) |
| 4:45 | Queue | Villager (Male) |
| 4:46 | Queue | Villager (Male) |
| 4:46 | Queue | Villager (Male) |
| 4:58 | Build | Mill |
| 5:31 | Queue | Villager (Male) |
| 6:09 | Research | Loom |
| 6:09 | Research | Loom |
| 6:14 | Build | Barracks |
| 6:52 | Research | Feudal Age |
| 6:52 | Research | Feudal Age |
| 7:18 | Queue | Militia |
| 7:19 | Queue | Militia |
| 7:43 | Build | House |
| 7:45 | Queue | Militia |
| 7:45 | Queue | Militia |
| 7:59 | Queue | Militia |
| 8:09 | Queue | Militia |
| 8:16 | Build | House |
| 8:25 | Build | Palisade Wall |
| 8:31 | Queue | Villager (Male) |
| 8:32 | Queue | Militia |
| 9:02 | Age | Feudal Age |
| 9:05 | Research | Man-at-Arms (upgrade) |
| 9:05 | Research | Man-at-Arms (upgrade) |
| 9:07 | Queue | Villager (Male) |
| 9:29 | Build | Archery Range |
| 9:42 | Queue | Villager (Male) |
| 9:48 | Build | House |
| 9:56 | Queue | Villager (Male) |
| 10:02 | Research | Horse Collar |
| 10:25 | Queue | Skirmisher |
| 10:25 | Queue | Skirmisher |
| 10:33 | Queue | Militia |
| 10:37 | Research | Arson |
| 10:38 | Research | Arson |
| 10:39 | Queue | Villager (Male) |
| 10:42 | Build | House |
| 10:44 | Build | Palisade Wall |
| 11:04 | Queue | Archer |
| 11:06 | Queue | Villager (Male) |
| 11:06 | Queue | Villager (Male) |
| 11:07 | Queue | Villager (Male) |
| 11:36 | Build | Farm |
| 11:41 | Queue | Villager (Male) |
| 12:07 | Queue | Villager (Male) |
| 12:10 | Queue | Skirmisher |
| 12:10 | Queue | Skirmisher |
| 12:37 | Queue | Villager (Male) |
| 12:41 | Build | Farm |
| 12:41 | Build | Farm |
| 12:42 | Build | Farm |
| 12:42 | Build | Farm |
| 12:42 | Build | Farm |
| 12:42 | Build | Farm |
| 12:42 | Build | Farm |
| 13:10 | Queue | Villager (Male) |
| 13:11 | Queue | Skirmisher |
| 13:11 | Queue | Skirmisher |
| 13:21 | Build | Farm |
| 13:45 | Build | House |
| 14:21 | Queue | Villager (Male) |
| 14:22 | Queue | Skirmisher |
| 14:23 | Queue | Skirmisher |
| 14:26 | Build | House |
| 14:27 | Queue | Villager (Male) |
| 14:34 | Build | Farm |
| 14:57 | Build | House |
| 15:00 | Build | House |
| 15:01 | Queue | Villager (Male) |
| 15:03 | Build | Farm |
| 15:20 | Queue | Villager (Male) |
| 15:35 | Build | Blacksmith |
| 15:38 | Queue | Villager (Male) |
| 15:47 | Queue | Skirmisher |
| 15:48 | Queue | Skirmisher |
| 15:54 | Build | House |
| 15:55 | Queue | Villager (Male) |
| 16:02 | Build | Farm |
| 16:10 | Build | Farm |
| 16:13 | Build | House |
| 16:14 | Queue | Skirmisher |
| 16:19 | Research | Padded Archer Armor |
| 16:20 | Research | Padded Archer Armor |
| 16:22 | Queue | Villager (Male) |
| 16:32 | Build | Farm |
| 16:41 | Queue | Skirmisher |
| 16:53 | Queue | Skirmisher |
| 17:17 | Research | Fletching |
| 17:17 | Research | Fletching |
| 17:24 | Build | Farm |
| 17:25 | Build | Farm |
| 17:27 | Build | Farm |
| 17:42 | Build | Archery Range |
| 17:43 | Queue | Villager (Male) |
| 17:43 | Queue | Villager (Male) |
| 17:46 | Queue | Skirmisher |
| 17:46 | Queue | Skirmisher |
| 18:01 | Queue | Militia |
| 18:09 | Build | Farm |
| 18:09 | Build | Farm |
| 18:12 | Build | Farm |
| 18:20 | Queue | Villager (Male) |
| 18:25 | Build | Farm |
| 18:27 | Build | Farm |
| 18:35 | Build | Farm |
| 18:43 | Queue | Villager (Male) |
| 18:46 | Build | House |
| 18:50 | Queue | Skirmisher |
| 19:05 | Build | Market |
| 19:07 | Queue | Villager (Male) |
| 19:16 | Queue | Skirmisher |
| 19:23 | Queue | Skirmisher |
| 19:25 | Queue | Skirmisher |
| 19:29 | Queue | Villager (Male) |
| 19:37 | Build | Farm |
| 19:41 | Build | Mill |
| 20:00 | Queue | Skirmisher |
| 20:00 | Queue | Skirmisher |
| 20:01 | Queue | Villager (Male) |
| 20:48 | Research | Castle Age |
| 20:48 | Research | Castle Age |
| 20:56 | Build | Barracks |
| 21:27 | Queue | Skirmisher |
| 21:27 | Queue | Skirmisher |
| 21:30 | Research | Scale Mail Armor |
| 21:30 | Research | Scale Mail Armor |
| 21:36 | Build | Barracks |
| 21:43 | Build | House |
| 21:52 | Queue | Skirmisher |
| 21:52 | Queue | Skirmisher |
| 21:54 | Queue | Militia |
| 21:55 | Queue | Militia |
| 22:29 | Queue | Militia |
| 22:31 | Queue | Skirmisher |
| 22:32 | Queue | Skirmisher |
Build order — Pope Leo I.
First 150 of 432 actions detected
| 0:08 | Build | Town Center |
| 1:08 | Queue | Villager (Male) |
| 1:08 | Queue | Villager (Male) |
| 1:09 | Queue | Villager (Male) |
| 1:09 | Queue | Villager (Male) |
| 1:33 | Build | Settlement |
| 1:39 | Build | Settlement |
| 2:08 | Build | Settlement |
| 2:48 | Queue | Villager (Male) |
| 3:11 | Queue | Villager (Male) |
| 3:31 | Queue | Villager (Male) |
| 3:31 | Queue | Villager (Male) |
| 3:53 | Queue | Villager (Male) |
| 4:28 | Research | Loom |
| 4:37 | Build | Settlement |
| 4:49 | Queue | Villager (Male) |
| 5:05 | Queue | Villager (Male) |
| 5:05 | Queue | Villager (Male) |
| 5:26 | Queue | Villager (Male) |
| 6:32 | Queue | Villager (Male) |
| 6:32 | Queue | Villager (Male) |
| 6:32 | Queue | Villager (Male) |
| 6:35 | Queue | Villager (Male) |
| 6:40 | Queue | Villager (Male) |
| 6:40 | Queue | Villager (Male) |
| 6:56 | Queue | Villager (Male) |
| 7:22 | Research | Feudal Age |
| 7:48 | Build | Settlement |
| 7:54 | Build | Palisade Wall |
| 8:23 | Build | Palisade Wall |
| 8:23 | Build | Palisade Wall |
| 8:24 | Build | Palisade Wall |
| 8:27 | Queue | Villager (Male) |
| 8:46 | Queue | Villager (Male) |
| 9:14 | Build | Barracks |
| 9:33 | Age | Feudal Age |
| 9:40 | Queue | Villager (Male) |
| 9:58 | Queue | Villager (Male) |
| 10:19 | Build | Archery Range |
| 10:23 | Build | Palisade Wall |
| 10:26 | Queue | Villager (Male) |
| 10:41 | Research | Double-Bit Axe |
| 10:43 | Queue | Villager (Male) |
| 10:59 | Queue | Villager (Male) |
| 11:09 | Queue | Archer |
| 11:09 | Queue | Archer |
| 11:15 | Queue | Villager (Male) |
| 11:35 | Queue | Villager (Male) |
| 11:38 | Queue | Villager (Male) |
| 11:47 | Build | Archery Range |
| 11:50 | Queue | Skirmisher |
| 12:14 | Queue | Villager (Male) |
| 12:22 | Queue | Skirmisher |
| 12:28 | Queue | Villager (Male) |
| 12:34 | Queue | Villager (Male) |
| 12:40 | Queue | Skirmisher |
| 12:41 | Queue | Skirmisher |
| 12:46 | Build | Settlement |
| 12:57 | Queue | Skirmisher |
| 13:03 | Queue | Villager (Male) |
| 13:14 | Queue | Villager (Male) |
| 13:21 | Queue | Skirmisher |
| 13:22 | Queue | Skirmisher |
| 13:27 | Queue | Skirmisher |
| 13:27 | Queue | Skirmisher |
| 13:40 | Queue | Skirmisher |
| 13:48 | Queue | Skirmisher |
| 13:48 | Queue | Skirmisher |
| 13:51 | Queue | Villager (Male) |
| 14:01 | Queue | Villager (Male) |
| 14:13 | Queue | Archer |
| 14:13 | Queue | Archer |
| 14:23 | Queue | Villager (Male) |
| 14:43 | Queue | Villager (Male) |
| 15:09 | Queue | Archer |
| 15:10 | Queue | Archer |
| 15:17 | Queue | Archer |
| 15:17 | Queue | Archer |
| 15:22 | Queue | Villager (Male) |
| 15:29 | Queue | Villager (Male) |
| 15:36 | Build | Settlement |
| 15:44 | Queue | Archer |
| 15:44 | Queue | Skirmisher |
| 15:44 | Queue | Archer |
| 16:27 | Queue | Villager (Male) |
| 16:31 | Research | Town Watch |
| 16:33 | Queue | Archer |
| 16:33 | Queue | Archer |
| 16:40 | Build | Blacksmith |
| 17:02 | Queue | Villager (Male) |
| 17:31 | Queue | Skirmisher |
| 17:31 | Queue | Skirmisher |
| 17:48 | Queue | Villager (Male) |
| 17:50 | Queue | Skirmisher |
| 17:50 | Queue | Skirmisher |
| 18:11 | Build | Settlement |
| 18:22 | Research | Castle Age |
| 18:30 | Build | Palisade Wall |
| 18:37 | Build | Stone Wall |
| 18:48 | Research | Gold Mining |
| 19:06 | Build | Outpost |
| 19:11 | Queue | Archer |
| 19:12 | Queue | Archer |
| 19:15 | Queue | Villager (Male) |
| 19:20 | Research | Fletching |
| 19:58 | Queue | Archer |
| 19:59 | Queue | Archer |
| 20:06 | Queue | Archer |
| 20:06 | Queue | Archer |
| 20:07 | Queue | Villager (Male) |
| 20:13 | Build | Outpost |
| 20:15 | Queue | Archer |
| 20:26 | Research | Horse Collar |
| 20:31 | Build | Farm |
| 20:35 | Queue | Villager (Male) |
| 20:44 | Queue | Archer |
| 20:44 | Queue | Archer |
| 20:59 | Queue | Villager (Male) |
| 21:02 | Age | Castle Age |
| 21:09 | Research | Bodkin Arrow |
| 21:09 | Research | Bodkin Arrow |
| 21:24 | Build | Siege Workshop |
| 21:27 | Research | Crossbowman (upgrade) |
| 21:27 | Research | Crossbowman (upgrade) |
| 21:40 | Queue | Archer |
| 21:43 | Queue | Villager (Male) |
| 21:56 | Queue | Villager (Male) |
| 22:04 | Queue | Battering Ram |
| 22:07 | Build | Outpost |
| 22:16 | Build | Town Center |
| 22:30 | Queue | Archer |
| 22:30 | Queue | Archer |
| 22:34 | Queue | Villager (Male) |
| 22:47 | Queue | Villager (Male) |
| 23:07 | Queue | Villager (Male) |
| 23:11 | Queue | Villager (Male) |
| 23:15 | Build | Outpost |
| 23:46 | Queue | Villager (Male) |
| 24:08 | Queue | Mangonel |
| 24:18 | Queue | Archer |
| 24:19 | Queue | Archer |
| 24:27 | Queue | Villager (Male) |
| 24:29 | Build | Outpost |
| 24:31 | Queue | Villager (Male) |
| 24:32 | Queue | Villager (Male) |
| 24:39 | Build | Stone Wall |
| 24:40 | Build | Stone Wall |
| 24:42 | Build | Outpost |
| 24:53 | Build | Settlement |
| 24:56 | Queue | Villager (Male) |
Match timeline
| 6:14 | SaintJustice · first_building Barracks |
| 7:54 | Pope Leo I. · wall_segment Palisade Wall x1 |
| 8:23 | Pope Leo I. · wall_segment Palisade Wall x1 |
| 8:23 | Pope Leo I. · wall_segment Palisade Wall x1 |
| 8:24 | Pope Leo I. · wall_segment Palisade Wall x1 |
| 8:25 | SaintJustice · wall_segment Palisade Wall x4 |
| 9:02 | SaintJustice · age_up feudal |
| 9:14 | Pope Leo I. · first_building Barracks |
| 9:29 | SaintJustice · first_building Archery Range |
| 9:33 | Pope Leo I. · age_up feudal |
| 10:19 | Pope Leo I. · first_building Archery Range |
| 10:23 | Pope Leo I. · wall_segment Palisade Wall x1 |
| 10:44 | SaintJustice · wall_segment Palisade Wall x13 |
| 18:30 | Pope Leo I. · wall_segment Palisade Wall x11 |
| 18:37 | Pope Leo I. · wall_segment Stone Wall x9 |
| 20:04 | SaintJustice · first_market_buy 100 food |
| 20:16 | SaintJustice · first_market_sell 100 stone |
| 21:02 | Pope Leo I. · age_up castle |
| 21:24 | Pope Leo I. · first_building Siege Workshop |
| 23:28 | SaintJustice · age_up castle |
| 24:39 | Pope Leo I. · wall_segment Stone Wall x1 |
| 24:40 | Pope Leo I. · wall_segment Stone Wall x1 |
| 25:42 | Pope Leo I. · wall_segment Stone Wall x3 |
| 29:56 | Pope Leo I. · first_market_buy 100 stone |
| 29:59 | Pope Leo I. · first_building Castle |
| 31:48 | SaintJustice · wall_segment Palisade Wall x1 |
| 33:08 | SaintJustice · first_building Castle |
| 33:58 | SaintJustice · wall_segment Stone Wall x5 |
| 34:01 | SaintJustice · wall_segment Stone Wall x1 |
| 34:02 | SaintJustice · wall_segment Stone Wall x1 |
| 34:03 | SaintJustice · wall_segment Stone Wall x1 |
| 35:02 | Pope Leo I. · first_building Monastery |
| 36:01 | Pope Leo I. · first_market_sell 100 wood |
| 38:57 | Pope Leo I. · wall_segment Palisade Wall x5 |
| 40:32 | SaintJustice · age_up imperial |
| 41:10 | SaintJustice · first_building Siege Workshop |
| 41:23 | Pope Leo I. · age_up imperial |
| 47:09 | SaintJustice · resign |
[ AI ANALYSIS · 1 CREDIT ]
What really happened in this match?
Wolo.gg analyzes every decision: build order, eco, micro, common mistakes by bracket. Personalized analysis on WhatsApp or Discord in 30 seconds.
Civ guide
Burmese
Perfil
Jugador #11935777